 Dungeon Crawl Stone Soup version 0.25-a0-341-g6f074c887a (webtiles) character file.

Game seed: 7408118566194253133, levelgen mode: deterministic

101 Aggronaut the Ruffian (level 4, -6/40 HPs)
             Began as a Ghoul Monk on Dec 30, 2019.
             Killed by divine providence
             ... invoked by an orc priest
              (11 damage)
             ... on level 3 of the Dungeon.
             The game lasted 00:05:09 (2117 turns).

Aggronaut the Ruffian (Ghoul Monk)                  Turns: 2117, Time: 00:05:10

Health: -6/40      AC:  2    Str: 15    XL:     4   Next: 75%
Magic:  3/3        EV: 12    Int: 10    God:
Gold:   86         SH:  0    Dex: 11    Spells: 3/3 levels left

rFire    . . .     SeeInvis .     - Unarmed
rCold    + . .     Gourm    .   (no shield)
rNeg     + + +     Faith    .   a - +0 robe
rPois    ∞         Spirit   .   (no helmet)
rElec    .         Reflect  .   (no cloak)
rCorr    .         Harm     .   (no gloves)
MR       .....                  (no boots)
Stlth    ++........             (no amulet)
HPRegen  0.00/turn              (no ring)
MPRegen  0.08/turn              (no ring)

@: brilliant, rotting
A: rotting body, claws 1, carnivore, cold resistance 1, negative energy
resistance 3, inhibited regeneration, torment resistance, unbreathing
a: no special abilities


You were on level 3 of the Dungeon.
You were hungry.

You visited 1 branch of the dungeon, and saw 3 of its levels.

You collected 86 gold pieces.

Inventory:

Armour
 a - a +0 robe (worn)
Scrolls
 d - 4 scrolls of remove curse {unknown}
 e - a scroll of random uselessness {unknown}
 f - a scroll of enchant weapon {unknown}
 h - a scroll of identify {unknown}
 j - a scroll of enchant armour {unknown}
 k - a scroll of amnesia {unknown}
Potions
 c - a potion of magic
 g - a potion of brilliance
 l - a potion of degeneration {unknown}
Comestibles
 b - 2 rations
 i - 6 chunks of flesh


   Skills:
 + Level 4.2 Fighting
 - Level 2.6 Dodging
 - Level 2.1 Stealth
 * Level 5.1 Unarmed Combat


You had 3 spell levels left.
You didn't know any spells.
Your spell library was empty.

Dungeon Overview and Level Annotations

Branches:
Dungeon (3/15)

Altars:
Ashenzari
Fedhas
Wu Jian


Innate Abilities, Weirdness & Mutations

Your body is rotting away.
You thrive on raw meat.
You are immune to poison.
You have sharp fingernails.
You are carnivorous and can eat meat at any time.
Your flesh is cold resistant. (rC+)
You are immune to negative energy. (rN+++)
You do not regenerate when monsters are visible.
You are immune to unholy pain and torment.
You can survive without breathing.


Message History

* * * LOW HITPOINT WARNING * * *
You see here a scale mail.
The adder bites you.
* * * LOW HITPOINT WARNING * * *
The adder barely misses you. The adder closely misses you.
The adder barely misses you. The adder bites you.
* * * LOW HITPOINT WARNING * * *
The adder barely misses you.
It was a potion of brilliance.
You feel clever all of a sudden. The adder bites you.
* * * LOW HITPOINT WARNING * * *
Sorry, you're not good enough to have a special ability.
It was a potion of magic.
Magic courses through your body. The adder barely misses you.
The orc priest calls down the wrath of Beogh upon you.
Beogh smites you!
You die...

+..... # #..... #.
....
.############..#
...............#
#####.............##
............(.....#
#.............#.##
#.@S.........#..#
#..o.........##.###
#.....o............
#######o.###.......
##.# #...(...
#####.# #.......
####.o...# #.......
#.... ##..o..#).#
#######' #..
#...###.o###.#..# #.


You could see an orc priest, an adder and 2 orcs.

Vanquished Creatures
  A hound (D:3)
  An adder (D:2)
  2 dart slugs (D:1)
  2 leopard geckos
  2 orcs (D:3)
  A giant cockroach (D:3)
  4 goblins
  9 hobgoblins
  7 jackals
  5 kobolds
  A ball python (D:2)
  8 bats
  4 frilled lizards
  3 rats
50 creatures vanquished.

Notes
Turn   | Place    | Note
-------+----------+-------------------------------------------
     0 | D:1      | Aggronaut the Ghoul Monk began the quest for the Orb.
     0 | D:1      | Reached XP level 1. HP: 19/19 MP: 0/0
   168 | D:1      | Reached XP level 2. HP: 24/26 MP: 1/1
   709 | D:1      | Reached skill level 4 in Unarmed Combat
   854 | D:1      | Reached XP level 3. HP: 33/33 MP: 2/2
  1316 | D:2      | Found an ornate altar of the Wu Jian Council.
  1623 | D:2      | Found a blossoming altar of Fedhas.
  1923 | D:3      | Reached XP level 4. HP: 40/40 MP: 3/3
  1954 | D:3      | Found a shattered altar of Ashenzari.
  1963 | D:3      | Reached skill level 5 in Unarmed Combat
  2117 | D:3      | Killed from afar by an orc priest

Levels and vault maps discovered:
D:1:      dpeg_arrival_fog, layout_basic
D:2:      layout_basic, fedhas_altar_2, lemuel_doored_altar, first_ration
D:3:      minmay_evil_eye, layout_basic, cheibrodos_ashenzari_chains,
          uniq_sigmund

Skill      XL: |  1  2  3  4 |
---------------+-------------+-----
Unarmed Combat | 4 5 |  5.1
Fighting       | 4 |  4.2
Dodging        | |  2.6
Stealth        | |  2.1

Action                   |  1- 3 |  4- 6 || total
-------------------------+-------+-------++-------
Melee: Unarmed           |   123 |    35 ||   158
       Punch             |     1 |       ||     1
  Use: Potion            |       |     2 ||     2
 Stab: Sleeping          |     5 |       ||     5
  Eat: Chunk             |     3 |       ||     3
Armor: Robe              |    18 |     9 ||    27
Dodge: Dodged            |    75 |    41 ||   116

Table legend:
 A = Non-vault XP
 B = Vault XP
 C = Vault XP percentage of total XP
 D = Non-vault monster count
 E = Vault monster count
 F = Vault count percentage of total count
                 A         B        C        D         E       F
            +---------+---------+-------+---------+---------+-------
      Total |     144 |       1 |   0.7 |      49 |       1 |   2.0
            +---------+---------+-------+---------+---------+-------
        D:1 |      34 |       0 |   0.0 |      17 |       0 |   0.0
        D:2 |      45 |       0 |   0.0 |      20 |       0 |   0.0
        D:3 |      65 |       1 |   1.5 |      12 |       1 |   7.7
            +---------+---------+-------+---------+---------+-------
